 Dungeon Crawl Stone Soup version 0.29-a0-668-g12ee2bf84d (webtiles) character file.

Game seed: 8559358110181437221

2367 lmSkywalker the Spear-Bearer (level 9, -12/74 HPs)
             Began as a Merfolk Gladiator on June 23, 2022.
             Was an Initiate of Cheibriados.
             Mangled by a two-headed ogre
             ... wielding a +0 giant club
              (30 damage)
             ... on level 8 of the Dungeon.
             The game lasted 00:42:57 (7687 turns).

lmSkywalker the Spear-Bearer (Merfolk Gladiator)    Turns: 7687, Time: 00:42:57

Health: -12/74     AC:  8    Str: 15    XL:     9   Next: 44%
Magic:  11/11      EV: 16    Int: 12    God:    Cheibriados [......]
Gold:   418        SH:  0    Dex: 17    Spells: 9/11 levels left

rFire   + . .      SeeInvis +   a - +0 trident
rCold   . . .      Faith    .   (no shield)
rNeg    . . .      Spirit   .   K - +0 acid dragon scales
rPois   .          Reflect  .   c - +0 helmet
rElec   .          Harm     .   (no cloak)
rCorr   +          Rampage  .   (no gloves)
Will    .....                   p - +0 pair of boots
Stlth   ++........              l - amulet of regeneration
HPRegen 1.02/turn               I - ring of see invisible
MPRegen 0.12/turn               D - ring of protection from fire

@: invisible, very slow
A: (nimble swimmer 2), mertail
a: Renounce Religion


You were on level 8 of the Dungeon.
You worshipped Cheibriados.
Cheibriados was noncommittal.
You visited 2 branches of the dungeon, and saw 9 of its levels.

You collected 418 gold pieces.

Inventory:

Hand Weapons
 a - a +0 trident (weapon)
 h - a +2 antimagic dagger
Missiles
 d - a throwing net
 e - a javelin
 u - 3 atropa-tipped darts (quivered)
 y - 6 poisoned darts
Armour
 c - a +0 helmet (worn)
 p - a +0 pair of boots (worn)
 K - +0 acid dragon scales (worn)
Jewellery
 l - an amulet of regeneration (around neck)
 s - a +6 ring of intelligence
 x - a +6 ring of dexterity
 D - a ring of protection from fire (right hand)
 F - a ring of wizardry
 H - a ring of protection from cold
 I - a ring of see invisible (left hand)
Wands
 C - a wand of digging (7)
 E - a wand of flame (9)
 P - a wand of acid (18)
Scrolls
 f - a scroll of poison {unknown}
 g - a scroll of teleportation
 j - 2 scrolls of enchant armour {unknown}
 k - a scroll of acquirement {unknown}
 m - a scroll of magic mapping {unknown}
 o - 4 scrolls of blinking
 v - a scroll of torment {unknown}
 w - a scroll of fog {unknown}
 z - a scroll of immolation {unknown}
 J - a scroll of noise {unknown}
 O - a scroll of vulnerability {unknown}
Potions
 b - a potion of ambrosia {unknown}
 i - 2 potions of berserk rage
 n - 2 potions of flight
 q - a potion of heal wounds
 r - 3 potions of attraction
 t - 3 potions of haste
 A - 2 potions of might {unknown}
 G - a potion of mutation {unknown}
 L - 2 potions of degeneration
 M - 3 potions of curing
 N - a potion of cancellation {unknown}


   Skills:
 + Level 8.0 Fighting
 - Level 10.0 Polearms
 - Level 2.0 Throwing
 + Level 9.5 Dodging
 - Level 2.0 Stealth
 + Level 1.5 Spellcasting
 + Level 2.3 Transmutations


You had 9 spell levels left.
You knew the following spells:

 Your Spells              Type           Power      Damage    Failure   Level
a - Wereblood             Tmut           6%         N/A       22%         2

Your spell library contained the following spells:

 Spells                   Type           Power      Damage    Failure   Level
 Beastly Appendage        Tmut           12%        N/A       16%         1
 Slow                     Hex            0%         N/A       38%         1
 Blink                    Tloc           0%         N/A       52%         2
 Sublimation of Blood     Necr           0%         N/A       52%         2
 Spider Form              Tmut/Pois      3%         N/A       58%         3
 Confusing Touch          Hex            0%         N/A       77%         3
 Dazzling Flash           Conj/Hex       0%         N/A       77%         3
 Gell's Gravitas          Tloc           0%         N/A       77%         3
 Lesser Beckoning         Tloc           0%         N/A       77%         3
 Teleport Other           Tloc           0%         N/A       77%         3
 Vampiric Draining        Necr           0%         2d6       77%         3
 Iskenderun's Mystic Bla  Conj/Tloc      0%         2d3       99%         4
 Fireball                 Conj/Fire      0%         3d3       100%        5
 Iskenderun's Battlesphe  Conj           0%         2d6       100%        5
 Manifold Assault         Tloc           0%         N/A       100%        5
 Conjure Ball Lightning   Conj/Air       0%         3x3d6     100%        6
 Starburst                Conj/Fire      0%         6d3       100%        6
 Orb of Destruction       Conj           0%         9d5       100%        7
 Storm Form               Tmut/Air       1%         N/A       100%        7
 Summon Hydra             Summ           0%         N/A       100%        7


Dungeon Overview and Level Annotations

Branches:
Dungeon (8/15)             Temple (1/1) D:7
   Lair: D:8-11

Altars:
Cheibriados
Dithmenos
Elyvilon
Fedhas
Gozag
Hepliaklqana
Nemelex Xobeh
Okawaru
Qazlal
Ru
Sif Muna
Trog
Uskayaw
Vehumet
Wu Jian
Xom
Yredelemnul

Portals:
Abyss: D:4

Annotations:
D:4 2 transporters, Eustachio; xian's ghost, novice DrFi
D:6 exclusion: two-headed ogre
D:8 Maurice


Innate Abilities, Weirdness & Mutations

((You are very nimble when in or above water. (Stealth+, EV+, Speed+++)))
Your lower body shifts to a powerful aquatic tail in water.


Message History

You fade into invisibility!
You puncture the two-headed ogre!
The two-headed ogre is moderately wounded.
The two-headed ogre hits you with a +0 giant club!
The two-headed ogre misses you.
You hit the two-headed ogre.
The two-headed ogre is moderately wounded.
You puncture the two-headed ogre!
The two-headed ogre is heavily wounded.
The two-headed ogre closely misses you. x2
You catch the helpless two-headed ogre completely off-guard!
You hit the two-headed ogre.
The two-headed ogre is heavily wounded.
The two-headed ogre closely misses you. The two-headed ogre barely misses you.
You hit the two-headed ogre but do no damage.
The two-headed ogre is heavily wounded.
The two-headed ogre looks more healthy.
You hit the two-headed ogre.
You punch the two-headed ogre, but do no damage.
The two-headed ogre is severely wounded.
The two-headed ogre barely misses you. The two-headed ogre misses you.
You hit the two-headed ogre.
The two-headed ogre is severely wounded.
You barely miss the two-headed ogre.
The two-headed ogre is severely wounded.
The two-headed ogre hits you with a +0 giant club!!
The two-headed ogre barely misses you.
You hit the two-headed ogre.
The two-headed ogre is severely wounded.
You hit the two-headed ogre.
The two-headed ogre is severely wounded.
The two-headed ogre closely misses you.
The two-headed ogre hits you with a +0 giant spiked club!
* * * LOW HITPOINT WARNING * * *
You hit the two-headed ogre but do no damage.
The two-headed ogre is severely wounded.
You puncture the two-headed ogre!
The two-headed ogre is almost dead.
The two-headed ogre hits you with a +0 giant club!!
You die...

#.. #.# ### #.#
#.# #.# #.# #.#
#.#
...###########.#
((((((O@.......#
...#############


You could see a two-headed ogre (can't see you).

Vanquished Creatures
  Pikel (D:4)
  A wyvern (D:8)
  An acid dragon (D:5)
  A black bear (D:6)
  2 sky beasts (D:7)
  2 ice beasts
  An ogre (D:4)
  2 lemures (D:3)
  A phantom (D:3)
  2 bullfrogs
  2 necrophages
  4 scorpions
  A killer bee (D:8)
  4 hounds
  2 jellies
  4 iguanas
  An orc wizard (D:6)
  5 adders
  2 shadow imps
  2 ufetubi
  3 dart slugs
  5 orcs
  13 endoplasms
  3 giant cockroaches
  6 goblins
  13 hobgoblins
  4 jackals (D:1)
  8 quokkas
  11 ball pythons
  7 bats
  5 frilled lizards
  12 kobolds
  9 rats
140 creatures vanquished.

Notes
Turn   | Place    | Note
-------+----------+-------------------------------------------
     0 | D:1      | lmSkywalker the Merfolk Gladiator began the quest for the
                  | Orb.
     0 | D:1      | Reached XP level 1. HP: 16/16 MP: 1/1
    36 | D:1      | Reached XP level 2. HP: 19/22 MP: 2/2
    49 | D:1      | Reached skill level 5 in Polearms
   489 | D:1      | Reached XP level 3. HP: 23/27 MP: 3/3
  1106 | D:1      | Found a faded altar of an unknown god.
  1132 | D:1      | Reached skill level 6 in Polearms
  1360 | D:2      | Reached XP level 4. HP: 30/33 MP: 4/4
  2405 | D:3      | Reached skill level 7 in Polearms
  2505 | D:3      | Reached XP level 5. HP: 38/38 MP: 5/5
  2810 | D:3      | Reached skill level 8 in Polearms
  3293 | D:4      | Noticed a phantom
  3313 | D:3      | Reached XP level 6. HP: 24/44 MP: 6/6
  3544 | D:3      | Reached skill level 9 in Polearms
  3668 | D:4      | Reached XP level 7. HP: 39/51 MP: 7/7
  3764 | D:4      | Noticed Pikel
  3852 | D:4      | Found a transporter.
  4242 | D:4      | Noticed a small abomination
  4243 | D:4      | Found a transporter.
  4243 | D:4      | Found a one-way gate to the infinite horrors of the Abyss.
  4243 | D:4      | Noticed xian's ghost (novice DrFi)
  4263 | D:4      | Noticed Eustachio
  4380 | D:4      | Killed Pikel
  4381 | D:4      | Reached skill level 5 in Fighting
  4381 | D:4      | Reached skill level 10 in Polearms
  4381 | D:4      | Reached XP level 8. HP: 26/62 MP: 8/8
  4524 | D:4      | Upgraded the game from 0.29-a0-664-gff9cad4a3d to
                  | 0.29-a0-668-g12ee2bf84d
  4525 | D:5      | Entered Level 5 of the Dungeon
  4825 | D:5      | Learned a level 2 spell: Wereblood
  4954 | D:5      | Found a shimmering blue altar of Sif Muna.
  5853 | D:6      | Noticed a two-headed ogre
  6496 | D:6      | Reached XP level 9. HP: 72/72 MP: 9/9
  6962 | D:7      | Found a staircase to the Ecumenical Temple.
  6984 | Temple   | Entered the Ecumenical Temple
  7057 | Temple   | Became a worshipper of Cheibriados the Contemplative
  7280 | D:7      | Reached skill level 1 in Transmutations
  7287 | D:7      | Found a shadowy altar of Dithmenos.
  7355 | D:8      | Noticed Maurice
  7406 | D:8      | Reached skill level 1 in Spellcasting
  7425 | D:8      | Found an opulent altar of Gozag.
  7668 | D:8      | Noticed a two-headed ogre
  7687 | D:8      | Mangled by a two-headed ogre

Illustrated notes

Levels and vault maps discovered:
D:1:      dpeg_arrival_tiny_f, layout_loops_cross,
          ebering_ecumenical_altar_mist, minmay_tall_x
D:2:      layout_loops_corners, minmay_misc_feat_enclosed, chequers_avenue,
          corexii_item_surrounded_by_moat, chequers_serial_rivers_room_a,
          minmay_between
D:3:      layout_basic, kennysheep_cluttered_room
D:4:      layout_rooms, gammafunk_ghost_abyssal_escape, minmay_vboxes,
          uniq_pikel, uniq_eustachio
D:5:      layout_loops_corners, lemuel_blue_sif_altar, hex_large, minivault_4
D:6:      layout_basic, gammafunk_temple_overflow_statue
D:7:      layout_rooms, nicolae_dithmenos_through_a_glass_darkly,
          minmay_temple_entry_slanted
D:8:      layout_basic, grunt_gozag_statues, nzn_ghost_randoct, uniq_maurice
Temple:   jpeg_temple_clearing

Skill      XL: |  1  2  3  4  5  6  7  8  9 |
---------------+----------------------------+-----
Polearms       | 5 6 7 8 9 10 | 10.0
Fighting       | 5 7 8 |  8.0
Dodging        | 6 8 9 |  9.5
Stealth        | 2 |  2.0
Transmutations | 2 |  2.3
Spellcasting   | 1 |  1.5
Throwing       | |  2.0

Action                   |  1- 3 |  4- 6 |  7- 9 || total
-------------------------+-------+-------+-------++-------
Melee: Trident           |   133 |   191 |   301 ||   625
       Punch             |       |     3 |     4 ||     7
       Tailslap          |       |     1 |     6 ||     7
 Fire: Hunting sling     |     3 |       |       ||     3
Throw: Javelin           |     1 |       |       ||     1
       Throwing net      |       |     4 |       ||     4
       Dart              |       |     3 |    16 ||    19
Evoke: Wand              |       |       |    14 ||    14
  Use: Scroll            |       |     2 |     7 ||     9
       Potion            |       |       |     4 ||     4
 Stab: Sleeping          |     6 |     5 |     5 ||    16
       Held in net/web   |       |     2 |       ||     2
       Invisible         |       |       |     1 ||     1
Armor: Leather armour    |    35 |    45 |    22 ||   102
       Acid dragon scale |       |       |    28 ||    28
Dodge: Dodged            |    66 |   109 |   200 ||   375

Table legend: (Time is in decaauts)
 A = Elapsed time spent in this place.
 B = Non-inter-level travel time spent in this place.
 C = Inter-level travel time spent in this place.
 D = Time resting spent in this place.
 E = Time spent auto-exploring this place.
 F = Levels seen in this place.
 G = Mean time per level.
                   A        B        C        D        E       F      G
               +--------+--------+--------+--------+--------+-----+--------+
         Total |   7714 |   7036 |    678 |    663 |   2108 |   9 |  857.1 |
       Dungeon |   7620 |   6961 |    659 |    663 |   2056 |   8 |  952.5 |
        Temple |     93 |     74 |     19 |      0 |     52 |   1 |   93.0 |
               +--------+--------+--------+--------+--------+-----+--------+

Top non-repeatable levels by time:
     D:5: 1384 daAuts
     D:3: 1337 daAuts
     D:1: 1268 daAuts
     D:2: 1075 daAuts
     D:6: 996 daAuts
     D:4: 798 daAuts
     D:8: 431 daAuts
     D:7: 327 daAuts
  Temple: 93 daAuts
